 Dungeon Crawl Stone Soup version 0.19-a0-1065-gdac414d (webtiles) character file.

22768 st0uf the Blocker (level 13, -11/102 HPs)
             Began as a Formicid Fighter on Aug 3, 2016.
             Was the Champion of Uskayaw.
             Killed from afar by a frost giant (37 damage)
             ... with a bolt of cold
             ... in an ice cave.
             The game lasted 01:05:04 (13792 turns).

st0uf the Blocker (Formicid Fighter)               Turns: 13792, Time: 01:05:05

Health: -11/102    AC: 15    Str: 24    XL:     13   Next: 30%
Magic:  20/20      EV:  8    Int: 10    God:    Uskayaw [******]
Gold:   231        SH: 22    Dex: 17    Spells: 0 memorised, 12 levels left

rFire  . . .     SeeInvis +     B - +2 battleaxe
rCold  . . .     Gourm    .     m - +0 plate armour
rNeg   + . .     Faith    .     M - +0 large shield of Elinof {rN+ Regen+ Str+4}
rPois  +         Spirit   .     (helmet unavailable)
rElec  .         Dismiss  .     J - +0 cloak {rPois}
rCorr  .         Reflect  +     (no gloves)
SustAt .         Harm     .     (no boots)
MR     +....                    I - +3 amulet of reflection
Stlth  ..........               (no ring)
                                o - +3 ring of dexterity

@:
A: permanent stasis, dig shafts and tunnels, four strong arms, antennae 3
a: Dig, Shaft Self, Stomp, Line Pass, Grand Finale, Renounce Religion


You were in an ice cave.
You worshipped Uskayaw.
Uskayaw was aware of your devotion.
You were not hungry.

You visited 4 branches of the dungeon, and saw 15 of its levels.
You also visited: Sewer and Ice Cave.

You collected 1069 gold pieces.
You spent 838 gold pieces at shops.

Inventory:

Hand Weapons
 v - a +1 hand axe of flaming
 B - a +2 battleaxe (weapon)
 L - the +3 dire flail of Punishment {drain, +Blink rC+}
   (You bought it in a shop on level 1 of the Orcish Mines)

   A truly terrible weapon, it drains the life of those it strikes.
   It protects you from cold.
   It lets you blink.
Armour
 c - a +0 shield
 m - a +0 plate armour (worn)
 J - a +0 cloak of poison resistance (worn)
 M - the +0 large shield of Elinof (worn) {rN+ Regen+ Str+4}
   (You bought it in a shop on level 1 of the Orcish Mines)

   It affects your strength (+4).
   It protects you from negative energy.
   It increases your rate of regeneration.
Jewellery
 o - a +3 ring of dexterity (left hand)
 I - a +3 amulet of reflection (around neck)
Wands
 a - a wand of disintegration (17/24)
 p - a wand of enslavement (12/24)
Scrolls
 g - a scroll of noise {unknown}
 h - 2 scrolls of enchant armour
 i - 8 scrolls of remove curse
 j - 4 scrolls of identify
 k - 8 scrolls of teleportation {unknown}
 s - 3 scrolls of blinking {unknown}
 t - 4 scrolls of recharging {unknown}
 u - 2 scrolls of random uselessness {unknown}
 x - 5 scrolls of amnesia {unknown}
 y - 2 scrolls of fog {unknown}
 A - a scroll of immolation {unknown}
 K - a scroll of enchant weapon
Potions
 b - 5 potions of resistance
 d - 3 potions of might
 e - 3 potions of cure mutation {unknown}
 q - a potion of lignification
 r - 3 potions of brilliance
 w - 7 potions of flight
 z - 2 potions of magic
 C - a potion of invisibility {unknown}
 F - 4 potions of agility
 G - 2 potions of curing
Comestibles
 f - 3 bread rations
 n - 2 meat rations
 D - 13 fruits
 E - 8 chunks of flesh


   Skills:
 + Level 9.7 Fighting
 + Level 10.8 Axes
 + Level 8.6 Armour
 + Level 3.2 Dodging
 + Level 8.2 Stealth
 + Level 12.3 Shields
 * Level 10.3 Invocations


You had 12 spell levels left.
You didn't know any spells.

Dungeon Overview and Level Annotations

Branches:
Dungeon (11/15)            Temple (1/1) D:5            Lair (1/6) D:10
    Orc (2/2) D:10            Elf (0/3) Orc:2

Altars:
Ashenzari
Cheibriados
Dithmenos
Elyvilon
Fedhas
Gozag
Hepliaklqana
Kikubaaqudgha
Makhleb
Nemelex Xobeh
Okawaru
Pakellas
Qazlal
Ru
Sif Muna
Trog
Uskayaw
Vehumet
Xom
Yredelemnul
Zin
The Shining One
Beogh

Shops:
D:7 }   D:9 [   Orc:1 *?*

Annotations:
Temple let's dance!


Innate Abilities, Weirdness & Mutations

You are under a permanent stasis effect.
You can dig through walls and to a lower floor.
Your four strong arms can wield two-handed weapons with a shield.
You have a pair of large antennae on your head. (SInv)


Message History

The bolt of cold hits you!
* * * LOW HITPOINT WARNING * * *
You feel much better. You block the polar bear's attack. x2
The polar bear claws you but does no damage.
The frost giant hits you with a battleaxe of freezing!!
* * * LOW HITPOINT WARNING * * *
The frost giant freezes you.
* * * LOW HITPOINT WARNING * * *
You slash the frost giant!
The frost giant is moderately wounded.
You slash the polar bear! You block the polar bear's attack. x3
Uskayaw prepares the audience for your solo!
The helpless frost giant fails to defend itself.
You slash the frost giant!
The frost giant is heavily wounded.
The helpless polar bear fails to defend itself.
You hit the polar bear.
The frost giant is no longer paralysed.
The frost giant gestures at you while chanting.
The bolt of cold hits you!
You die...

#≈≈# #≈≈#
# ##...
##≈≈#
.###....
≈≈≈#
.........
≈≈≈##..
......#
#≈≈#.#
.....
##≈≈≈≈#
...##
#..≈≈≈#
#hC#
.#.#≈≈≈#
##@# #.##
≈≈≈# #.†#
### ≈≈#
##.## ≈#
#..# ≈#
##..# #
#..##
#.## #..#
#..##


You could see a frost giant and a polar bear (paralysed).

Vanquished Creatures
  Gastronok (D:9)
  A hydra (D:8)
  The ghost of 4thArraOfDagon the Brawler, a novice TrAE of Dithmenos (Orc:1)
  The ghost of Gagarin the Blocker, a novice HOFi of Qazlal (D:8)
  A hill giant (D:10)
  Maurice (D:9)
  An ice statue (IceCv)
  Psyche (D:10)
  A spiny frog (Lair:1)
  A komodo dragon (Lair:1)
  A two-headed ogre (D:9)
  3 trolls
  13 polar bears (IceCv)
  5 blink frogs (Lair:1)
  The ghost of aronpayne the Skirmisher, an amateur HaBe of Trog (D:3)
  25 yaks
  Grum (D:9)
  A hippogriff (Lair:1)
  A hungry ghost (D:7)
  Menkaure (D:4)
  A steam dragon (D:11)
  2 wargs
  2 porcupines (Lair:1)
  A water moccasin (D:9)
  6 orc warriors
  2 ice beasts
  3 black bears
  6 sky beasts
  A phantom (D:4)
  6 ogres
  7 centaurs
  10 wolves
  2 crocodiles (Lair:1)
  4 big kobolds (D:8)
  10 giant frogs
  A gnoll sergeant (D:10)
  3 scorpions
  3 killer bees (D:10)
  3 wights (D:7)
  2 howler monkeys (D:7)
  9 crimson imps
  6 hounds
  2 jellies
  2 quasits
  2 centaur zombies
  3 giant frog zombies
  6 orc priests
  3 centaur skeletons
  A giant frog skeleton (D:4)
  Terence (D:2)
  4 iguanas
  8 orc wizards
  11 worker ants
  6 sheep
  A hound skeleton (D:9)
  3 worker ant zombies
  Robin (D:2)
  13 gnolls
  16 adders
  4 howler monkey skeletons
  3 shadow imps
  4 oozes
  3 adder skeletons
  9 worms
  4 dart slugs
  6 giant geckos
  41 orcs
  4 giant cockroaches
  17 goblins
  9 hobgoblins
  19 jackals
  10 kobolds
  2 quokkas
  6 ball pythons
  15 bats
  A giant gecko skeleton (D:6)
  A giant newt (D:5)
  A jackal skeleton (D:4)
  3 quokka skeletons
  12 rats
409 creatures vanquished.

Vanquished Creatures (others)
  A scorpion (D:11)
  A fungus (Lair:1)
  4 plants
6 creatures vanquished.

Grand Total: 415 creatures vanquished

Notes
Turn   | Place    | Note
-------+----------+-------------------------------------------
     0 | D:1      | st0uf the Formicid Fighter began the quest for the Orb.
     0 | D:1      | Reached XP level 1. HP: 18/18 MP: 1/1
    98 | D:1      | Reached XP level 2. HP: 18/24 MP: 2/2
   390 | D:1      | Found a glowing golden altar of the Shining One.
   493 | D:1      | Reached XP level 3. HP: 28/30 MP: 3/3
   556 | D:1      | Reached skill level 4 in Shields
   895 | D:2      | Noticed Robin
   903 | D:2      | Killed Robin
   903 | D:2      | Reached XP level 4. HP: 21/37 MP: 4/4
  1316 | D:2      | Noticed Terence
  1333 | D:2      | Killed Terence
  1333 | D:2      | Reached skill level 1 in Dodging
  1333 | D:2      | Reached XP level 5. HP: 36/42 MP: 5/5
  2433 | D:3      | Reached XP level 6. HP: 48/49 MP: 6/6
  2521 | D:3      | Found a faded altar of an unknown god.
  2527 | D:3      | Noticed aronpayne's ghost (amateur HaBe)
  2597 | D:3      | Killed aronpayne's ghost
  2597 | D:3      | Reached skill level 5 in Shields
  2597 | D:3      | Reached XP level 7. HP: 26/55 MP: 7/7
  2717 | D:3      | Reached skill level 5 in Fighting
  3156 | D:4      | Noticed Menkaure
  3168 | D:4      | Killed Menkaure
  3295 | D:4      | Reached skill level 6 in Shields
  3334 | D:4      | Reached skill level 5 in Armour
  3334 | D:4      | Reached XP level 8. HP: 19/63 MP: 8/8
  3423 | D:4      | Found a glowing drain.
  3433 | Sewer    | Entered a sewer
  4664 | D:5      | Entered Level 5 of the Dungeon
  4816 | D:5      | Reached skill level 5 in Axes
  5032 | D:5      | Noticed a moth of wrath
  5034 | D:5      | Found a bloodstained altar of Trog.
  5117 | D:5      | Found a staircase to the Ecumenical Temple.
  5146 | Temple   | Entered the Ecumenical Temple
  5255 | Temple   | Became a worshipper of Uskayaw the Reveler
  5385 | D:5      | Reached * piety under Uskayaw
  5399 | D:5      | Reached ** piety under Uskayaw
  5443 | D:6      | Reached XP level 9. HP: 70/70 MP: 9/9
  5495 | D:6      | Reached skill level 7 in Shields
  5767 | D:6      | Reached skill level 1 in Invocations
  6270 | D:7      | Reached *** piety under Uskayaw
  6545 | D:7      | Reached **** piety under Uskayaw
  6764 | D:7      | Reached skill level 1 in Stealth
  6764 | D:7      | Reached skill level 8 in Shields
  6931 | D:7      | Found Idoeri's Gadget Boutique.
  7171 | D:8      | Reached XP level 10. HP: 79/79 MP: 13/13
  7179 | D:8      | Reached skill level 5 in Invocations
  7182 | D:8      | Noticed a two-headed hydra
  7186 | D:8      | Killed a one-headed hydra
  7186 | D:8      | Reached skill level 9 in Shields
  7186 | D:8      | Reached ***** piety under Uskayaw
  7258 | D:8      | Noticed Gagarin's ghost (novice HOFi)
  7277 | D:8      | Killed Gagarin's ghost
  7651 | D:8      | Identified Sif Muna's Reference Book on the Warped Arsonist
  7924 | D:9      | You fall through a shaft for 2 floors!
  7941 | D:11     | Reached XP level 11. HP: 85/85 MP: 14/16
  8175 | D:10     | Entered Level 10 of the Dungeon
  8184 | D:10     | Noticed Psyche
  8197 | D:10     | Killed Psyche
  8235 | D:10     | Reached skill level 10 in Shields
  8604 | D:9      | Noticed Grum
  8606 | D:9      | Noticed Maurice
  8610 | D:9      | Noticed Gastronok
  8791 | D:9      | Found Valewor's Armour Boutique.
  8913 | D:9      | Killed Gastronok
  8913 | D:9      | Reached skill level 5 in Stealth
  8964 | D:9      | Killed Maurice
  9164 | D:9      | Killed Grum
  9515 | D:9      | Reached XP level 12. HP: 64/94 MP: 18/18
  9516 | D:9      | Reached skill level 11 in Shields
 10456 | D:10     | Found a staircase to the Orcish Mines.
 10462 | D:10     | Found a roughly hewn altar of Beogh.
 10478 | Orc:1    | Entered Level 1 of the Orcish Mines
 10478 | Orc:1    | Found Kupleukh's Magic Scroll Shop.
 10670 | Orc:1    | Noticed 4thArraOfDagon's ghost (novice TrAE)
 10985 | D:10     | Found a staircase to the Lair.
 11439 | Lair:1   | Entered Level 1 of the Lair of Beasts
 11826 | Lair:1   | Reached skill level 10 in Axes
 12602 | Orc:1    | Bought a scroll of identify for 22 gold pieces
 12602 | Orc:1    | Bought a scroll of magic mapping for 38 gold pieces
 12602 | Orc:1    | Bought 3 scrolls of identify for 66 gold pieces
 12602 | Orc:1    | Bought a scroll of enchant weapon for 82 gold pieces
 12602 | Orc:1    | Bought a scroll of enchant armour for 82 gold pieces
 12886 | Orc:1    | Killed 4thArraOfDagon's ghost
 12924 | Orc:1    | Found a roughly hewn altar of Beogh.
 12945 | Orc:1    | Found Mosehy's Assorted Antiques.
 12954 | Orc:1    | Bought a scroll labeled VAUDUO NONUMUU for 30 gold pieces
 13093 | Orc:1    | Found Xazoedil's Assorted Antiques.
 13096 | Orc:1    | Bought a steaming dire flail for 252 gold pieces
 13096 | Orc:1    | Bought a brightly glowing large shield for 266 gold pieces
 13096 | Orc:1    | Identified the cursed +0 large shield of Elinof {rN+ Regen+ Str+4} (You bought it in a shop on level 1 of the Orcish Mines)
 13097 | Orc:1    | Identified the +3 dire flail of Punishment {drain, +Blink rC+} (You bought it in a shop on level 1 of the Orcish Mines)
 13142 | Orc:2    | Entered Level 2 of the Orcish Mines
 13251 | Orc:2    | Found a frozen archway.
 13260 | IceCv    | Entered an ice cave
 13300 | IceCv    | Reached skill level 10 in Invocations
 13300 | IceCv    | Reached XP level 13. HP: 43/101 MP: 20/20
 13669 | IceCv    | Reached skill level 12 in Shields
 13741 | IceCv    | Reached ****** piety under Uskayaw
 13780 | IceCv    | Noticed a frost giant
 13792 | IceCv    | Killed from afar by a frost giant

Vault maps used:
D:1:      minmay_arrival_semitransparent, minmay_misc_feat_nine_boxes, tso_altar
D:2:      minivault_27, dk_noncrumbling_2, hangedman_decor_growths, uniq_robin,
          uniq_terence
D:3:      ecumenical_altar_1
D:4:      gup_sewer_entry_bubbles, saegor_snake_ambush, uniq_menkaure
D:5:      tgw_trog, first_bread
D:7:      serial_shops, kennysheep_mini
D:8:      hangedman_ranch
D:9:      serial_shops, nicolae_shop_behind_doors, st_stairs_10, uniq_grum,
          uniq_gastronok, uniq_maurice
D:10:     lair_0_dummy, minmay_orc_entry_temple_small, uniq_psyche
D:11:     serial_shops, shop_coins, serial_bayou, serial_bayou_shore_a,
          serial_bayou_lagoon_a, serial_bayou_pond_e, serial_bayou_pond_e,
          serial_bayou_shore_b
Temple:   regret_index_temple_sigil_plot
Lair:1:   wad_woods_road_01, serial_bayou_pond_a, st_stairs_10
Orc:1:    serial_shops, nicolae_shop_window_shopping, shop, nicolae_shop_stone,
          nicolae_shop_trees, shop, basic_altar
Orc:2:    st_orc_town, basic_altar, portal_ice_cave_entry_pillars_2
Sewer:    sewer_fruit_machine
IceCv:    ice_cave_small_giant

Skill      XL: |  1  2  3  4  5  6  7  8  9 10 11 12 13 |
---------------+----------------------------------------+-----
Shields        | 4 5 6 8 9 10 11 12 | 12.3
Fighting       | 4 5 6 7 8 9 |  9.7
Armour         | 4 5 6 7 8 |  8.6
Dodging        | 1 2 3 |  3.2
Axes           | 3 4 5 7 8 9 10 | 10.8
Invocations    | 4 6 8 10 | 10.3
Stealth        | 1 4 5 7 8 |  8.2

Action                   |  1- 3 |  4- 6 |  7- 9 | 10-12 | 13-15 || total
-------------------------+-------+-------+-------+-------+-------++-------
Melee: War axe           |    90 |   212 |   481 |       |       ||   783
       Battleaxe         |       |       |    36 |   517 |    95 ||   648
       Hand axe          |       |       |       |     2 |       ||     2
Invok: Stomp             |       |       |       |     7 |     2 ||     9
       Line Pass         |       |       |       |     2 |       ||     2
 Abil: Dig               |       |       |     7 |     3 |     2 ||    12
  Use: Scroll            |       |       |     5 |    12 |       ||    17
       Potion            |       |       |     1 |       |     3 ||     4
 Stab: Paralysed         |       |       |     8 |    62 |    15 ||    85
  Eat: Chunk             |       |     6 |    19 |    23 |     2 ||    50
       Royal jelly       |       |       |       |     1 |       ||     1
Armor: Scale mail        |    35 |       |       |       |       ||    35
       Plate armour      |    29 |   160 |   229 |   235 |    60 ||   713
Dodge: Dodged            |    43 |    52 |   117 |   151 |    35 ||   398
Block: Shield            |    67 |   128 |   299 |   437 |       ||   931
       Reflection        |       |       |     3 |    10 |       ||    13
       Large shield      |       |       |       |    62 |   159 ||   221
